 Dungeon Crawl Stone Soup version 0.19.0 (webtiles) character file.

171 PurpleRed the Cudgeler (level 5, 0/55 HPs)
             Began as an Ogre Skald on Nov 13, 2016.
             Was an Initiate of Lugonu.
             Slain by an orc
             ... wielding a cursed -2 flail
              (2 damage)
             ... on level 3 of the Dungeon.
             The game lasted 00:08:10 (4792 turns).

PurpleRed the Cudgeler (Ogre Skald)                 Turns: 4792, Time: 00:08:11

Health: 0/55       AC:  3    Str: 18    XL:     5   Next: 51%
Magic:  0/17       EV:  9    Int: 11    God:    Lugonu [......]
Gold:   98         SH:  0    Dex:  9    Spells: 3 memorised, 2 levels left

rFire  . . .     SeeInvis .     a - +0 mace
rCold  . . .     Gourm    .     v - +0 robe (curse)
rNeg   . . .     Faith    .     (no shield)
rPois  .         Spirit   +     (helmet restricted)
rElec  .         Reflect  .     (no cloak)
rCorr  .         Harm     .     (gloves unavailable)
MR     .....                    (boots unavailable)
Stlth  +.........               s - amulet of guardian spirit
                                (no ring)
                                i - ring of magical power

@: heavily drained
A: unfitting armour, deterioration 2, tough skin 1, MP-powered wands
a: Renounce Religion


You were on level 3 of the Dungeon.
You worshipped Lugonu.
Lugonu was noncommittal.
You were not hungry.

You visited 1 branch of the dungeon, and saw 3 of its levels.
You visited the Abyss 1 time.

You collected 98 gold pieces.

Inventory:

Hand Weapons
 a - a +0 mace (weapon)
Armour
 b - a +0 robe
 v - a cursed +0 robe (worn)
Jewellery
 i - a ring of magical power (left hand)
 q - an uncursed amulet of harm
 s - an amulet of guardian spirit (around neck)
Wands
 o - a wand of disintegration (7/24)
Scrolls
 e - 4 scrolls of remove curse {unknown}
 k - a scroll of immolation {unknown}
 n - 2 scrolls of magic mapping {unknown}
 p - a scroll of blinking {unknown}
 r - 2 scrolls of identify {unknown}
 t - a scroll of enchant armour {unknown}
 u - a scroll of fear {unknown}
Potions
 j - a potion of curing {unknown}
 l - a potion of lignification {unknown}
 m - a potion of degeneration {unknown}
Books
 c - a book of Battle

   Spells                             Type                      Level
   a - Infusion                       Charms                       1
   b - Shroud of Golubria             Charms/Translocation         2
   c - Song of Slaying                Charms                       2
   d - Spectral Weapon                Hexes/Charms                 3
   e - Regeneration                   Charms/Necromancy            3
Miscellaneous
 w - a phial of floods
Comestibles
 d - 3 bread rations
 g - a slice of pizza
 h - 2 meat rations


   Skills:
 + Level 4.7(3.2) Fighting
 * Level 6.1(4.6) Maces & Flails
 - Level 1.3(0.0) Dodging
 - Level 2.4(1.0) Spellcasting
 - Level 2.1(0.8) Charms


You had 2 spell levels left.
You knew the following spells:

 Your Spells              Type           Power        Failure   Level  Hunger
a - Infusion              Chrm           #...         24%         1    ##.....
b - Regeneration          Chrm/Necr      #.........   83%         3    ####...
c - Song of Slaying       Chrm           #.......     34%         2    ###....


Dungeon Overview and Level Annotations

Branches:
Dungeon (3/15)

Altars:

Annotations:
D:3 CottonD's ghost, amateur DgCj


Innate Abilities, Weirdness & Mutations

You are too large for most types of armour.
You have tough skin. (AC +1)
[Your body often deteriorates upon taking damage.]
[You expend magic power (3 MP) to strengthen your wands.]


Message History

The orc closely misses you. The goblin misses you.
The goblin hits you but does no damage.
The orc hits you with an enchanted flail!
* * * LOW HITPOINT WARNING * * *
The goblin hits you but does no damage. The orc hits you but does no damage.
The goblin closely misses you. The orc hits you but does no damage.
The goblin hits you with a dagger.
* * * LOW HITPOINT WARNING * * *
The orc closely misses you. The goblin hits you with a dagger.
* * * LOW HITPOINT WARNING * * *
The orc barely misses you. The goblin barely misses you.
The goblin hits you but does no damage. The orc closely misses you.
The goblin hits you with a dagger.
* * * LOW HITPOINT WARNING * * *
The orc hits you with an enchanted flail.
* * * LOW HITPOINT WARNING * * *
The goblin hits you with a dagger. The orc barely misses you.
The goblin barely misses you.
The orc hits you with an enchanted flail.
You die...

#..#.###...#
##...# #..$.
##..# #.## # (...
#.# ### ..#
#.####.# ....
....#.[.##.##
.....
#.........#......
####.o.....%.....
###@###..#......
#.g.# ##.# <..g.
#.....### #.#
.... ....#####
#.# g.. ## #.. gg
### .


You could see an orc and a goblin.

Vanquished Creatures
  Robin (D:3)
  3 gnolls
  5 adders
  A worm (D:1)
  5 leopard geckos
  An orc (D:3)
  3 giant cockroaches
  12 goblins
  11 hobgoblins
  7 jackals
  4 quokkas
  2 ball pythons
  5 bats
  6 frilled lizards
  4 kobolds
  6 rats
76 creatures vanquished.

Notes
Turn   | Place    | Note
-------+----------+-------------------------------------------
     0 | D:1      | PurpleRed the Ogre Skald began the quest for the Orb.
     0 | D:1      | Reached XP level 1. HP: 22/22 MP: 3/3
    71 | D:1      | Reached skill level 3 in Maces & Flails
   158 | D:1      | Reached XP level 2. HP: 7/31 MP: 5/5
  1089 | D:1      | Reached XP level 3. HP: 34/37 MP: 6/6
  1091 | D:1      | Reached skill level 4 in Maces & Flails
  1580 | D:2      | Learned a level 3 spell: Regeneration
  1583 | D:2      | Learned a level 2 spell: Song of Slaying
  2062 | D:2      | Reached XP level 4. HP: 23/48 MP: 7/7
  2132 | D:1      | Reached skill level 5 in Maces & Flails
  3318 | D:3      | Reached XP level 5. HP: 29/55 MP: 1/8
  3777 | D:3      | Noticed CottonD's ghost (amateur DgCj)
  4139 | D:3      | Noticed Robin
  4492 | D:2      | Reached skill level 6 in Maces & Flails
  4555 | D:3      | Cast into level 1 of the Abyss (Robin)
  4661 | Abyss:2  | Found a corrupted altar of Lugonu.
  4674 | Abyss:2  | Noticed a wretched star
  4684 | Abyss:2  | Became a worshipper of Lugonu the Unformed
  4684 | Abyss:2  | Reached * piety under Lugonu
  4686 | D:3      | Escaped the Abyss
  4687 | D:3      | Killed Robin
  4789 | D:3      | HP: 2/55 [goblin/dagger[Robin] (2)]
  4792 | D:3      | Slain by an orc

Skill      XL: |  1  2  3  4  5 |
---------------+----------------+-----
Maces & Flails | 3 4 5 6 |  6.1
Fighting       | 3 4 |  4.7
Dodging        | |  1.3
Spellcasting   | |  2.4
Charms         | |  2.1

Action                   |  1- 3 |  4- 6 || total
-------------------------+-------+-------++-------
Melee: Mace              |   125 |   161 ||   286
 Cast: Infusion          |     1 |     1 ||     2
Invok: Depart the Abyss  |       |     1 ||     1
Evoke: Wand              |       |     1 ||     1
  Use: Scroll            |     3 |       ||     3
 Stab: Sleeping          |       |     1 ||     1
  Eat: Chunk             |     4 |     7 ||    11
       Beef jerky        |       |     1 ||     1
Armor: Robe              |    51 |    70 ||   121
Dodge: Dodged            |    76 |   132 ||   208
